 Dungeon Crawl Stone Soup version 0.21.1-1-g345015fe64 (webtiles) character file.

490 PikkenKukken the Slasher (level 6, -2/51 HPs)
             Began as a Demonspawn Abyssal Knight on June 22, 2018.
             Was a Believer of Lugonu.
             Slain by kaisn's ghost (7 damage)
             ... on level 5 of the Dungeon.
             The game lasted 00:15:14 (3431 turns).

PikkenKukken the Slasher (DsAK)                     Turns: 3431, Time: 00:15:15

Health: -2/51      AC:  9    Str: 16    XL:     6   Next: 90%
Magic:  7/8        EV:  6    Int: 17    God:    Lugonu [**....]
Gold:   192        SH:  0    Dex: 12    Spells: 5/5 levels left

rFire    . . .     SeeInvis .   a - +1 falchion
rCold    . . .     Gourm    .   (no shield)
rNeg     . . .     Faith    .   q - +0 chain mail
rPois    .         Spirit   .   d - +0 hat
rElec    .         Reflect  .   j - +0 cloak
rCorr    .         Harm     .   (no gloves)
MR       .....                  (no boots)
Stlth    ..........             (no amulet)
HPRegen  0.17/turn              f - +2 ring of strength
MPRegen  0.11/turn              h - +3 ring of intelligence

@: drained
A: claws 2, horns 1, powered by death 1
a: Depart the Abyss, Bend Space, Renounce Religion


You were on level 5 of the Dungeon.
You worshipped Lugonu.
Lugonu was pleased with you.
You were hungry.

You visited 1 branch of the dungeon, and saw 5 of its levels.
You visited the Abyss 1 time.

You collected 192 gold pieces.

Inventory:

Hand Weapons
 a - a +1 falchion (weapon)
 b - a +2 hunting sling of velocity
 e - a +0 war axe
Missiles
 i - 29 arrows
 k - 9 bolts
 o - 45 sling bullets
Armour
 d - a +0 hat (worn)
 j - a +0 cloak (worn)
 q - a +0 chain mail (worn)
 r - the +1 robe of Voan {rN++}
   (You found it on level 4 of the Dungeon)

   It greatly protects you from negative energy.
Jewellery
 f - a +2 ring of strength (left claw)
 h - a +3 ring of intelligence (right claw)
 m - an uncursed amulet of harm
 p - an uncursed ring of wizardry
Scrolls
 g - a scroll of teleportation
 s - 2 scrolls of remove curse
 t - a scroll of identify
 u - a scroll of enchant weapon
Potions
 l - a potion of heal wounds
 n - 2 potions of berserk rage
Comestibles
 c - 8 rations


   Skills:
 - Level 5.1(4.4) Fighting
 + Level 5.2(4.5) Long Blades
 - Level 0.1(0.0) Axes
 - Level 0.8(0.2) Slings
 - Level 2.2(1.6) Armour
 - Level 1.0(0.4) Dodging
 + Level 2.8(2.2) Invocations


You had 5 spell levels left.
You didn't know any spells.

Dungeon Overview and Level Annotations

Branches:
Dungeon (5/15)
 Temple: D:4-7

Altars:
Dithmenos
Makhleb
Vehumet
Xom

Annotations:
D:5 kaisn's ghost, amateur DDFi


Innate Abilities, Weirdness & Mutations

You have very sharp fingernails.
You have a pair of small horns on your head.
You regenerate a little health from kills.


Message History

Kaisn's ghost is moderately damaged.
Kaisn's ghost hits you!
You hit kaisn's ghost but do no damage. Your headbutt misses kaisn's ghost.
Kaisn's ghost is moderately damaged.
Kaisn's ghost hits you!
You slash kaisn's ghost!
Kaisn's ghost is heavily damaged.
Kaisn's ghost hits you!
You hit kaisn's ghost but do no damage.
Kaisn's ghost is heavily damaged.
Kaisn's ghost hits you!
* * * LOW HITPOINT WARNING * * *
You hit kaisn's ghost but do no damage.
Kaisn's ghost is heavily damaged.
Kaisn's ghost hits you.
* * * LOW HITPOINT WARNING * * *
You don't know any spells.
Space bends around you!
You blink.
Kaisn's ghost hits you!
You die...

#.. #.. #.# . #.##.
..... #. #.#.#
#.##.#.# ...
#.##@#.###.# #.#
#.##.W.....# #.#
#<####.##### #.#
#.####.# #.#
#......########.#
#............##.#####
#.####..####.........
#.# #..# #..#.#####
#.####..####..#....##


You could see kaisn's ghost.

Vanquished Creatures
  An ogre (D:4)
  A crimson imp (D:3)
  2 hounds (D:3)
  A gnoll shaman (D:3)
  Crazy Yiuf (D:2)
  Terence (D:2)
  An iguana (D:4)
  2 worker ants
  4 gnolls
  2 howler monkey skeletons (D:4)
  4 adders
  An adder skeleton (D:4)
  2 dart slugs
  3 leopard geckos
  4 orcs (D:3)
  5 giant cockroaches
  2 goblins (D:3)
  6 hobgoblins
  5 quokkas
  A ball python (D:3)
  A bat (D:2)
  4 frilled lizards
  6 kobolds
  6 rats
66 creatures vanquished.

Notes
Turn   | Place    | Note
-------+----------+-------------------------------------------
     0 | Abyss:1  | PikkenKukken the Demonspawn Abyssal Knight began the quest for the Orb.
     0 | Abyss:1  | Reached XP level 1. HP: 18/18 MP: 2/2
   166 | Abyss:2  | Noticed a quasit
   166 | D:1      | Escaped the Abyss
   292 | D:1      | Reached * piety under Lugonu
   410 | D:1      | Gained mutation: You have a pair of small horns on your head. [demonic ancestry]
   410 | D:1      | Reached XP level 2. HP: 22/24 MP: 3/3
   990 | D:2      | Found a shadowy altar of Dithmenos.
  1009 | D:2      | Reached XP level 3. HP: 28/30 MP: 4/4
  1143 | D:2      | Found a faded altar of an unknown god.
  1211 | D:2      | Reached skill level 1 in Dodging
  1245 | D:2      | Found a runed door.
  1249 | D:2      | Noticed Crazy Yiuf
  1256 | D:2      | Killed Crazy Yiuf
  1256 | D:2      | Gained mutation: You have sharp fingernails. [demonic ancestry]
  1256 | D:2      | Reached XP level 4. HP: 13/37 MP: 5/5
  1526 | D:2      | Noticed Terence
  1545 | D:2      | Killed Terence
  2259 | D:3      | Found a burning altar of Makhleb.
  2260 | D:3      | Found a radiant altar of Vehumet.
  2281 | D:3      | Reached ** piety under Lugonu
  2281 | D:3      | Gained mutation: You regenerate a little health from kills. [demonic ancestry]
  2281 | D:3      | Reached XP level 5. HP: 37/43 MP: 7/7
  2759 | D:4      | Noticed an ogre
  2764 | D:4      | Killed an ogre
  2764 | D:4      | Reached skill level 5 in Fighting
  2764 | D:4      | Gained mutation: You have very sharp fingernails. [demonic ancestry]
  2764 | D:4      | Reached XP level 6. HP: 37/51 MP: 8/8
  3004 | D:3      | Reached skill level 5 in Long Blades
  3271 | D:4      | Found a shimmering altar of Xom.
  3322 | D:4      | Got a silken robe
  3333 | D:4      | Identified the +1 robe of Voan {rN++} (You found it on level 4 of the Dungeon)
  3359 | D:5      | Entered Level 5 of the Dungeon
  3414 | D:5      | Noticed kaisn's ghost (amateur DDFi)
  3431 | D:5      | Slain by kaisn's ghost

Skill      XL: |  1  2  3  4  5  6 |
---------------+-------------------+-----
Armour         | 2 |  2.2
Dodging        | 1 |  1.0
Fighting       | 4 5 |  5.1
Long Blades    | 2 4 5 |  5.2
Axes           | |  0.1
Slings         | |  0.8
Invocations    | |  2.8

Action                   |  1- 3 |  4- 6 || total
-------------------------+-------+-------++-------
Melee: War axe           |    11 |       ||    11
       Falchion          |    25 |   152 ||   177
       Headbutt          |     5 |    30 ||    35
 Fire: Hunting sling     |    16 |    19 ||    35
Invok: Depart the Abyss  |     1 |       ||     1
       Bend Space        |       |     1 ||     1
  Use: Potion            |     2 |     2 ||     4
       Scroll            |     5 |     2 ||     7
  Eat: Chunk             |     1 |     3 ||     4
       Ration            |       |     1 ||     1
Armor: Leather armour    |     2 |       ||     2
       Ring mail         |     7 |       ||     7
       Scale mail        |     4 |    36 ||    40
       Chain mail        |       |    46 ||    46
Dodge: Dodged            |    21 |    73 ||    94
       Rpst.: Falchion   |     2 |    20 ||    22
